 Dungeon Crawl Stone Soup version 0.23-a0-726-g9fa1570 (console) character file.

42 Duffy the Shield-Bearer (level 3, -3/34 HPs)
             Began as a Naga Fighter on Jan 16, 2019.
             Killed from afar by an orc wizard (7 damage)
             ... with a magic dart
             ... on level 4 of the Dungeon.
             The game lasted 00:00:51 (505 turns).

Duffy the Shield-Bearer (Naga Fighter)               Turns: 505, Time: 00:00:52

Health: -3/34      AC:  4    Str: 19    XL:     3   Next: 54%
Magic:  3/3        EV: 10    Int:  8    God:
Gold:   10         SH:  9    Dex: 15    Spells: 2/2 levels left

rFire    . . .     SeeInvis +   a - +0 war axe
rCold    . . .     Gourm    .   c - +0 shield
rNeg     . . .     Faith    .   b - +0 scale mail
rPois    +         Spirit   .   (no helmet)
rElec    .         Reflect  .   (no cloak)
rCorr    .         Harm     .   (no gloves)
MR       .....                  (no barding)
Stlth    +.........             (no amulet)
HPRegen  0.11/turn              (no ring)
MPRegen  0.08/turn              (no ring)

@: agile, very slow
A: large, see invisible, deformed body, poison resistance, slowness 2, slow
metabolism 1, spit poison 1, AC +1
a: Spit Poison


You were on level 4 of the Dungeon.
You were not hungry.

You visited 1 branch of the dungeon, and saw 4 of its levels.

You collected 10 gold pieces.

Inventory:

Hand Weapons
 a - a +0 war axe (weapon)
Armour
 b - a +0 scale mail (worn)
 c - a +0 shield (worn)
Potions
 d - a potion of might
 e - 2 potions of agility
Comestibles
 f - 2 rations
 g - a chunk of flesh


   Skills:
 - Level 3.0 Fighting
 + Level 3.0 Axes
 - Level 2.4 Armour
 + Level 3.1 Shields


You had 2 spell levels left.
You didn't know any spells.
Your spell library was empty.

Dungeon Overview and Level Annotations

Branches:
Dungeon (4/15)
 Temple: D:4-7

Altars:


Innate Abilities, Weirdness & Mutations

You cannot wear boots.
Your serpentine skin is tough. (AC +1)
You have supernaturally acute eyesight. (SInv)
Armour fits poorly on your strangely shaped body.
Your system is resistant to poisons. (rPois)
You cover ground very slowly.
You have a slow metabolism.
You can spit poison.


Message History

You are too injured to fight recklessly!
You are too injured to fight recklessly!
You are too injured to fight recklessly!
You are too injured to fight recklessly!
You are too injured to fight recklessly!
You are too injured to fight recklessly!
You are too injured to fight recklessly!
You are too injured to fight recklessly!
You are too injured to fight recklessly!
Your shield and scale mail prevent you from hitting the orc wizard.
The orc wizard is lightly wounded.
The orc wizard hits you with a +0 dagger.
You block the orc wizard's attack.
The orc priest mumbles some strange prayers to Beogh against you.
Beogh smites you!
It was a potion of agility.
You feel agile all of a sudden.
The orc wizard gestures at you while chanting.
The magic dart hits you!
You die...

....#.......(..#.###
....#..#.......#.# #
....#..#.......#.##.#.##
....#..#.###...........#
...............#.##.#..#
.......#.###.....##.#..#
.......#................
#....... ........##.#..#
##..... ........@oo...#
>#.... ........##o..>..
## ........# ...## #
........# ..# .........
.# #........ # #........
.......


You could see an orc priest and 2 orc wizards.

Vanquished Creatures
  Terence (D:3)
  An adder (D:4)
  A leopard gecko (D:1)
  3 jackals (D:2)
  A quokka skeleton (D:3)
  A rat (D:3)
8 creatures vanquished.

Notes
Turn   | Place    | Note
-------+----------+-------------------------------------------
     0 | D:1      | Duffy the Naga Fighter began the quest for the Orb.
     0 | D:1      | Reached XP level 1. HP: 21/21 MP: 1/1
   266 | D:3      | Noticed Terence
   269 | D:3      | Reached XP level 2. HP: 28/28 MP: 2/2
   280 | D:3      | Killed Terence
   280 | D:3      | Reached XP level 3. HP: 20/34 MP: 3/3
   505 | D:4      | Killed from afar by an orc wizard

Vault maps used:
D:1:      lightli_arrival_farm
D:2:      minmay_misc_feat_secret_circle, uniq_sigmund
D:3:      lemuel_crystal_altar, chequers_ecumenical_altar_grove, first_ration,
          kennysheep_cross_bottleneck, uniq_terence
D:4:      kennysheep_goblin_castle, temple_fountains, grunt_ministairs_4,
          uniq_eustachio, uniq_natasha, uniq_crazy_yiuf_cottage

Skill      XL: |  1  2  3 |
---------------+----------+-----
Shields        | 3 |  3.1
Axes           | 3 |  3.0
Fighting       | |  3.0
Armour         | |  2.4

Action                   || total
-------------------------++-------
Melee: War axe           ||    39
  Use: Potion            ||     1
Armor: Scale mail        ||    12
Dodge: Dodged            ||     7
Block: Shield            ||    27

Table legend:
 A = Non-vault XP
 B = Vault XP
 C = Vault XP percentage of total XP
 D = Non-vault monster count
 E = Vault monster count
 F = Vault count percentage of total count
                 A         B        C        D         E       F
            +---------+---------+-------+---------+---------+-------
      Total |      24 |      36 |  60.0 |       7 |       1 |  12.5
            +---------+---------+-------+---------+---------+-------
        D:1 |       3 |       0 |   0.0 |       1 |       0 |   0.0
        D:2 |       6 |       0 |   0.0 |       3 |       0 |   0.0
        D:3 |       2 |      36 |  94.7 |       2 |       1 |  33.3
        D:4 |      13 |       0 |   0.0 |       1 |       0 |   0.0
            +---------+---------+-------+---------+---------+-------
